 Dungeon Crawl Stone Soup version 0.30-a0-852-g08b95dd62f (webtiles) character file.

Game seed: 17811906772748432756

14670 Firecrotchwizard the Brawler (level 12, -13/110 HPs)
             Began as a Ghoul Monk on Mar 5, 2023.
             Was a Priest of Makhleb.
             Mangled by a large slime creature (32 damage)
             ... on level 11 of the Dungeon.
             The game lasted 00:19:50 (9820 turns).

Firecrotchwizard the Brawler (Ghoul Monk)           Turns: 9820, Time: 00:19:51

Health: -13/110    AC: 16    Str: 20    XL:     12   Next: 19%
Magic:  15/15      EV: 14    Int:  5    God:    Makhleb [***...]
Gold:   658        SH:  0    Dex: 11    Spells: 11/11 levels left

rFire   . . .      SeeInvis .      - Unarmed
rCold   + . .      Faith    .    (no shield)
rNeg    + + +      Spirit   .    x - +0 chain mail
rPois   ∞          Reflect  .    r - +2 helmet
rElec   +          Rampage  +    (no cloak)
rCorr   .                        K - +1 pair of gloves "Tefuo" {Rampage rElec}
Will    +....                    z - +2 pair of boots Stlth
                                 (no amulet)
HPRegen 0.00/turn                m - +5 ring of evasion
MPRegen 0.14/turn                W - ring of willpower

@: inhibited regen
A: claws 1, cold resistance 1, negative energy resistance 3, inhibited
regeneration, torment resistance 2, devour on kill
a: Renounce Religion, Minor Destruction, Lesser Servant of Makhleb


You were on level 11 of the Dungeon.
You worshipped Makhleb.
Makhleb was most pleased with you.
You visited 2 branches of the dungeon, and saw 12 of its levels.

You collected 658 gold pieces.

Inventory:

Hand Weapons
 g - a +3 dagger of venom
   (You found it on level 2 of the Dungeon)
Missiles
 a - 6 javelins
 e - 5 boomerangs
 n - 21 poisoned darts
 s - 115 stones (quivered)
 I - 3 silver boomerangs
 L - 2 throwing nets {!d}
Armour
 r - a +2 helmet (worn)
   (You found it on level 3 of the Dungeon)
 x - a +0 chain mail (worn)
   (You found it on level 7 of the Dungeon)
 z - a +2 pair of boots (worn)
   (You found it on level 4 of the Dungeon)
 K - the +1 pair of gloves "Tefuo" (worn) {Rampage rElec}
   (You acquired it on level 6 of the Dungeon)

   rElec:     It insulates you from electricity.
   Rampage:   It bestows one free step when moving towards enemies.
Magical Staves
 B - a staff of earth
   (You found it on level 4 of the Dungeon)
 J - a staff of air {rElec}
   (You found it on level 9 of the Dungeon)
Jewellery
 c - a ring of ice {rC+, rF-}
   (You found it on level 8 of the Dungeon)
 f - a ring of fire {rF+, rC-}
   (You found it on level 10 of the Dungeon)
 m - a +5 ring of evasion (left hand)
   (You found it on level 1 of the Dungeon)
 C - a ring of protection from cold {rC+, !d}
   (You found it on level 8 of the Dungeon)
 Q - an amulet of reflection
   (You found it on level 11 of the Dungeon)
 W - a ring of willpower (right hand)
   (You found it on level 10 of the Dungeon)
 Z - a ring of wizardry {Wiz+, !d}
   (You found it on level 11 of the Dungeon)
Wands
 d - a wand of digging (5)
   (You found it on level 6 of the Dungeon)
 h - a wand of acid (1)
   (You took it off Pikel on level 7 of the Dungeon)
 i - a wand of iceblast (8)
   (You found it on level 5 of the Dungeon)
 j - a wand of polymorph (10)
   (You found it on level 9 of the Dungeon)
 p - a wand of paralysis (19)
   (You found it on level 7 of the Dungeon)
 q - a wand of flame (10)
   (You found it on level 7 of the Dungeon)
Scrolls
 b - 4 scrolls of enchant weapon
 o - 2 scrolls of torment
 v - 8 scrolls of identify {@r1}
 E - 4 scrolls of fear
 N - a scroll of summoning {unknown}
 P - a scroll of amnesia
 X - 2 scrolls of magic mapping {@r4!r}
 Y - 4 scrolls of teleportation {@r3}
Potions
 k - 4 potions of heal wounds {unknown}
 l - 2 potions of degeneration {unknown}
 t - 2 potions of lignification {unknown}
 u - 2 potions of berserk rage {unknown}
 w - 6 potions of curing {unknown}
 y - 4 potions of mutation {unknown}
 A - 2 potions of flight {unknown}
 D - 3 potions of haste {unknown}
 F - 2 potions of magic {unknown}
 G - a potion of ambrosia {!q}
 H - a potion of cancellation {unknown}
 M - 4 potions of might
 O - 2 potions of attraction {unknown}


   Skills:
 + Level 11.2 Fighting
 - Level 8.0 Dodging
 - Level 2.1 Stealth
 * Level 15.2 Unarmed Combat
 + Level 5.6 Invocations


You had 11 spell levels left.
You didn't know any spells.
Your spell library contained the following spells:

 Spells                   Type           Power      Damage    Failure   Level
 Shock                    Conj/Air       0%         1d3       100%        1
 Cigotuvi's Dreadful Rot  Necr/Pois/Air  0%         N/A       100%        2
 Ensorcelled Hibernation  Hex/Ice        0%         N/A       100%        2
 Poisonous Vapours        Pois/Air       0%         N/A       100%        2
 Dazzling Flash           Conj/Hex       0%         N/A       100%        3
 Frozen Ramparts          Ice            0%         1d1       100%        3
 Mephitic Cloud           Conj/Pois/Air  0%         N/A       100%        3
 Summon Guardian Golem    Hex/Summ       0%         N/A       100%        3
 Swiftness                Air            0%         N/A       100%        3
 Airstrike                Air            0%         2d(0-16)  100%        4
 Anguish                  Hex/Necr       0%         N/A       100%        4
 Dispel Undead            Necr           0%         3d6       100%        4
 Iskenderun's Mystic Bla  Conj/Tloc      0%         2d3       100%        4
 Petrify                  Tmut/Erth      0%         N/A       100%        4
 Summon Ice Beast         Ice/Summ       0%         N/A       100%        4
 Irradiate                Conj/Tmut      0%         3d11      100%        5
 Iskenderun's Battlesphe  Conj           0%         2d6       100%        5
 Summon Mana Viper        Hex/Summ       0%         N/A       100%        5
 Death Channel            Necr           0%         N/A       100%        6
 Iron Shot                Conj/Erth      0%         9d1       100%        6
 Starburst                Conj/Fire      0%         6d3       100%        6
 Monstrous Menagerie      Summ           0%         N/A       100%        7
 Orb of Destruction       Conj           0%         9d5       100%        7
 Spellforged Servitor     Conj/Summ      0%         N/A       100%        7
 Sublimation of Blood     Necr           Unusable   N/A       N/A         2
 Spider Form              Tmut/Pois      Unusable   N/A       N/A         3
 Ice Form                 Ice/Tmut       Unusable   N/A       N/A         4

Dungeon Overview and Level Annotations

Branches:
Dungeon (11/15)            Temple (1/1) D:7            Lair (0/5) D:11
    Orc: D:9-12

Altars:
Ashenzari
Cheibriados
Dithmenos
Fedhas
Gozag
Hepliaklqana
Kikubaaqudgha
Makhleb
Nemelex Xobeh
Okawaru
Qazlal
Ru
Sif Muna
Trog
Uskayaw
Vehumet
Wu Jian
Xom
Yredelemnul

Shops:
D:6 *   D:11 (

Annotations:
D:9 3 runed translucent doors, exclusion: obsidian statue


Innate Abilities, Weirdness & Mutations

You are immune to poison.
You have sharp fingernails.
Your flesh is cold resistant. (rC+)
You are immune to negative energy. (rN+++)
You do not regenerate when monsters are visible.
You are immune to unholy pain and torment.
You thrive by killing the living.


Message History

p - a wand of paralysis (19) (gained 4 charges)
You swap places.
You swap places.
Your ynoxinul disappears in a puff of smoke!
There is a stone staircase leading up here.
A slime creature comes into view.
You rampage towards the slime creature!
You rampage towards the slime creature!
You pummel the slime creature!! You punch the slime creature!
The slime creature misses you.
You hit the slime creature but do no damage.
You hit the slime creature. You punch the slime creature.
The slime creature hits you but does no damage.
You hit the slime creature. The slime creature hits you!
You take 7 damage, and have 103/110 hp.
You barely miss the slime creature. You punch the slime creature! x2
You kill the slime creature!
Makhleb accepts your kill.
You feel better.
Health restored: 110 An orc warrior, an orc wizard and an orc come into view.
The orc wizard is wielding a +0 dagger of holy wrath.
The orc warrior shouts!
The orc wizard shouts!
The orc shouts!
A slime creature comes into view.
An orc comes into view. It is wielding a +0 hand axe.
The orc warrior moves out of view.
A slime creature comes into view.
An orc and 3 slime creatures come into view.
The orc is wielding a +2 mace of protection.
The orc shouts! x2
The slime creature quivers. x2
Two slime creatures merge to form a large slime creature.
You barely miss the slime creature. The slime creature hits you!
You take 10 damage, and have 100/110 hp.
You pummel the slime creature!! Your punch misses the slime creature.
The slime creature hits you.
You take 1 damage, and have 99/110 hp.
You punch the slime creature! You pummel the slime creature!!
You punch the slime creature.
You kill the slime creature!
Makhleb accepts your kill.
You feel better.
Two slime creatures merge to form a very large slime creature.
You regained 6 hp, and now have 105/110 hp.
You hit the orc.
You pummel the very large slime creature!!
You punch the very large slime creature!
You barely miss the very large slime creature.
Two slime creatures merge to form an enormous slime creature.
You punch the enormous slime creature!
You barely miss the enormous slime creature.
An enormous slime creature splits.
You punch the large slime creature!
The large slime creature barely misses you.
You hit the large slime creature. You punch the large slime creature!
The large slime creature hits you. The large slime creature hits you!!
You take 38 damage, and have 67/110 hp.
MASSIVE DAMAGE!!
You punch the large slime creature!
The large slime creature closely misses you.
You punch the large slime creature! The large slime creature hits you!!
The large slime creature hits you.
You take 33 damage, and have 34/110 hp.
MASSIVE DAMAGE!!
You punch the large slime creature!
The large slime creature barely misses you.
A large slime creature splits.
The large slime creature attacks as you move away!
The large slime creature hits you!
* * * LOW HITPOINT WARNING * * *
Two slime creatures merge to form a large slime creature.
You take 9 damage, and have 25/110 hp.
The large slime creature attacks as you move away!
The large slime creature misses you.
The large slime creature attacks as you move away!
The large slime creature completely misses you.
You punch the large slime creature!
The large slime creature hits you but does no damage.
You hit the large slime creature.
The large slime creature hits you but does no damage.
You hit the large slime creature. You hit the large slime creature.
You punch the large slime creature.
You kill the large slime creature!
Makhleb accepts your kill.
You pummel the large slime creature!!
You completely miss the large slime creature.
Your punch misses the large slime creature.
The large slime creature hits you but does no damage.
You barely miss the large slime creature.
The large slime creature barely misses you.
You barely miss the large slime creature.
The large slime creature hits you.
* * * LOW HITPOINT WARNING * * *
You take 6 damage, and have 19/110 hp.
You pummel the large slime creature!!
Your punch misses the large slime creature.
You pummel the large slime creature!!
Your punch misses the large slime creature.
The large slime creature hits you!!
You die...

....... #.....
....o
##########
oo.##........#
#o#oo....#8.#
#..oo###.#..#
#.##o# #.#∩>#
... #J# #.#..#
#.## #@# #.#<.#
#. #.# #...>#
...###.#####8.#
.
........)....#
##
..#####.###..#
#.######.# ##.#
#.##.....# #.#
#### #.##.#####
#.# ...# #.##.#
#<######


You could see a large slime creature, an orc warrior, an orc wizard and 3 orcs.

Vanquished Creatures
  Harold (D:9)
  3 two-headed ogres
  A boulder beetle (D:11)
  Pikel (D:7)
  An ugly thing (D:11)
  Maggie (D:9)
  A rime drake (D:11)
  A troll (D:10)
  A polar bear (D:11)
  3 slime creatures (D:11)
  A vampire (D:11)
  A shadow (D:11)
  A wraith (D:10)
  A wyvern (D:9)
  12 yaks
  Grum (D:8)
  6 water moccasins
  An acid dragon (D:8)
  2 black bears
  4 orc warriors
  2 hornet zombies (D:5)
  8 ice beasts
  6 wolves
  3 centaurs
  3 lemures (D:7)
  5 phantoms (D:5)
  2 kobold brigands
  Blork the orc (D:5)
  5 bullfrogs
  A gnoll sergeant (D:6)
  2 scorpions
  27 wights
  A howler monkey (D:7)
  An electric eel (D:10)
  3 bullfrog zombies (D:5)
  3 centaur zombies (D:5)
  3 orc priests
  6 hounds
  4 jellies
  6 iguanas
  2 sleepcaps
  6 orc wizards
  A killer bee zombie (D:5)
  A hound zombie (D:5)
  3 hound skeletons (D:5)
  13 gnolls
  10 adders
  3 white imps
  3 ufetubi
  An adder zombie (D:5)
  3 worms (D:2)
  3 dart slugs
  23 orcs
  7 endoplasms
  6 giant cockroaches
  3 goblins
  9 hobgoblins
  16 kobolds
  4 quokkas
  11 ball pythons
  7 bats
  5 frilled lizards
  7 rats
283 creatures vanquished.

Vanquished Creatures (others)
  An orc (D:9)
  3 plants (D:7)
  4 withered plants (D:5)
8 creatures vanquished.

Grand Total: 291 creatures vanquished

Notes
Turn   | Place    | Note
-------+----------+-------------------------------------------
     0 | D:1      | Firecrotchwizard the Ghoul Monk began the quest for the
                  | Orb.
     0 | D:1      | Reached XP level 1. HP: 19/19 MP: 0/0
    72 | D:1      | Reached XP level 2. HP: 24/26 MP: 1/1
   218 | D:1      | Found a faded altar of an unknown god.
   244 | D:1      | Reached skill level 3 in Dodging
   325 | D:1      | Reached XP level 3. HP: 31/31 MP: 2/2
   332 | D:1      | Reached skill level 4 in Unarmed Combat
   954 | D:2      | Reached XP level 4. HP: 35/40 MP: 3/3
  1111 | D:2      | Reached skill level 4 in Fighting
  1115 | D:2      | HP: 6/40 [gnoll/+0 flail (7)]
  1124 | D:2      | Reached XP level 5. HP: 10/46 MP: 4/4
  1534 | D:3      | Reached skill level 5 in Unarmed Combat
  1775 | D:3      | You fall into a shaft and drop 2 floors!
  1775 | D:5      | Entered Level 5 of the Dungeon
  1854 | D:5      | Noticed a phantom
  1872 | D:5      | Killed a phantom
  1873 | D:5      | Reached XP level 6. HP: 50/53 MP: 5/5
  1922 | D:4      | Reached skill level 6 in Unarmed Combat
  2075 | D:4      | Reached skill level 4 in Dodging
  2145 | D:4      | Noticed a black bear
  2171 | D:4      | Killed a black bear
  2172 | D:4      | Reached skill level 5 in Fighting
  2172 | D:4      | Reached XP level 7. HP: 56/61 MP: 6/6
  2233 | D:4      | Found a sacrificial altar of Ru.
  2458 | D:4      | Found a basalt altar of Yredelemnul.
  2578 | D:4      | Found a broken altar of Ashenzari.
  2899 | D:4      | Reached skill level 7 in Unarmed Combat
  3027 | D:5      | Reached XP level 8. HP: 70/70 MP: 7/7
  3228 | D:5      | Found a hide-covered altar of Uskayaw.
  3229 | D:5      | Found a snail-covered altar of Cheibriados.
  3257 | D:5      | Reached skill level 6 in Fighting
  3269 | D:5      | Reached skill level 5 in Dodging
  3269 | D:5      | Reached skill level 8 in Unarmed Combat
  3449 | D:5      | Noticed Blork the orc
  3465 | D:5      | Killed Blork the orc
  3652 | D:5      | Reached skill level 9 in Unarmed Combat
  3715 | D:5      | Reached XP level 9. HP: 78/78 MP: 8/8
  3771 | D:5      | Reached skill level 7 in Fighting
  4169 | D:6      | Identified a scroll of acquirement
  4169 | D:6      | Acquired the +1 pair of gloves "Tefuo" {Rampage rElec}
  4340 | D:6      | Reached skill level 6 in Dodging
  4344 | D:6      | Reached skill level 10 in Unarmed Combat
  4547 | D:6      | Reached skill level 8 in Fighting
  4601 | D:6      | Found a sparkling altar of Nemelex Xobeh.
  4721 | D:6      | Reached skill level 11 in Unarmed Combat
  4965 | D:6      | Reached XP level 10. HP: 85/88 MP: 9/9
  5049 | D:6      | Found Ronui's General Store.
  5315 | D:6      | Reached skill level 7 in Dodging
  5469 | D:7      | Found a staircase to the Ecumenical Temple.
  5500 | Temple   | Entered the Ecumenical Temple
  5888 | D:7      | Noticed Pikel
  5923 | D:7      | Killed Pikel
  5924 | D:7      | Reached skill level 12 in Unarmed Combat
  5933 | D:7      | Reached skill level 9 in Fighting
  5960 | D:7      | Found a shimmering altar of Xom.
  6496 | D:8      | Noticed Grum
  6500 | D:8      | Killed Grum
  6542 | D:8      | Found a radiant altar of Vehumet.
  6993 | D:9      | Noticed Maggie
  6998 | D:9      | Reached skill level 8 in Dodging
  7007 | D:9      | Killed Maggie
  7008 | D:9      | Reached skill level 13 in Unarmed Combat
  7008 | D:9      | Reached XP level 11. HP: 43/97 MP: 10/10
  7171 | D:9      | Found a runed translucent door.
  7202 | D:9      | Found a runed translucent door.
  7218 | D:9      | Found a runed translucent door.
  7233 | D:9      | Found a burning altar of Makhleb.
  7265 | D:9      | Became a worshipper of Makhleb the Destroyer
  7265 | D:9      | Reached * piety under Makhleb
  7265 | D:9      | Reached ** piety under Makhleb
  7404 | D:9      | Reached skill level 1 in Invocations
  7730 | D:9      | Found a runed translucent door.
  7927 | D:9      | Noticed Harold
  7941 | D:9      | Killed Harold
  7942 | D:9      | Reached skill level 10 in Fighting
  7942 | D:9      | Reached skill level 2 in Invocations
  7966 | D:9      | Noticed a two-headed ogre
  7972 | D:9      | Killed a two-headed ogre
  8172 | D:9      | Noticed an obsidian statue
  8191 | D:10     | Entered Level 10 of the Dungeon
  8204 | D:10     | Identified the +3 leather armour of Asceticism {*Slow
                  | Will++ Stlth+}
  8332 | D:10     | Reached skill level 3 in Invocations
  8354 | D:10     | Found a blossoming altar of Fedhas.
  8606 | D:10     | Noticed a two-headed ogre
  8611 | D:10     | Killed a two-headed ogre
  8612 | D:10     | Reached skill level 14 in Unarmed Combat
  8659 | D:10     | Found an iron altar of Okawaru.
  8681 | D:10     | Found a stormy altar of Qazlal.
  8848 | D:10     | Found a shadowy altar of Dithmenos.
  9185 | D:11     | Reached skill level 4 in Invocations
  9227 | D:11     | Reached *** piety under Makhleb
  9356 | D:11     | Found a staircase to the Lair.
  9417 | D:11     | Noticed a boulder beetle
  9445 | D:11     | Killed a boulder beetle
  9446 | D:11     | Reached skill level 5 in Invocations
  9446 | D:11     | Reached XP level 12. HP: 104/108 MP: 14/14
  9502 | D:11     | Reached skill level 11 in Fighting
  9648 | D:11     | Found Yphugy's Weapon Shop.
  9648 | D:11     | Noticed a two-headed ogre
  9658 | D:11     | Killed a two-headed ogre
  9659 | D:11     | Reached skill level 15 in Unarmed Combat
  9739 | D:11     | Found an ancient bone altar of Kikubaaqudgha.
  9808 | D:11     | HP: 25/110 [large slime creature (9)]
  9818 | D:11     | HP: 19/110 [large slime creature (6)]
  9820 | D:11     | Mangled by a large slime creature

Illustrated notes

Levels and vault maps discovered:
D:1:      dreamdust_arrival_sigmund_warning, layout_basic,
          basic_ecumenical_altar
D:2:      layout_basic, minmay_misc_feat_square
D:3:      layout_basic, portal_sewer_entry_e
D:4:      layout_cave_pods, nicolae_overflow_crystal_walls,
          nicolae_ru_great_annihilating_truth, evilmike_ruin_ashenzari
D:5:      layout_loops_corners, nicolae_overflow_hidden_temple, serial_undead,
          serial_undead_a, serial_undead_e, serial_undead_d, serial_undead_b,
          serial_undead_f, serial_undead_c, serial_undead_c, serial_undead_d,
          uniq_blork_the_orc
D:6:      layout_basic, good_gods_temple_1, nemelex_spade_bored_becter,
          serial_shops, nicolae_take_the_stairs, hangedman_decor_clover_reticule
D:7:      layout_rooms, lemuel_crystal_altar, minmay_temple_entry_overgrown,
          serial_glass, glass_columns_a, glass_columns_c, nrook_mini_backslash,
          minmay_misc_feat_nine_boxes, uniq_pikel
D:8:      layout_loops_ring, mainiacjoe_overflow_catwalk, uniq_grum
D:9:      layout_loops_corners, lightli_temple_of_fire,
          minmay_statue_crystal_thing, uniq_harold, uniq_maggie
D:10:     layout_loops_ring, mainiacjoe_overflow_24_doors,
          nicolae_dithmenos_shadow_blocks, nicolae_overflow_squiral
D:11:     layout_loops_ring, hellmonk_lair_entry_icy, erik_orc_1, serial_shops,
          shop_statue, kennysheep_mini_moat, nicolae_kikubaaqudgha_miasma_corner
Temple:   hellmonk_temple_two_chambers

Skill      XL: |  1  2  3  4  5  6  7  8  9 10 11 12 |
---------------+-------------------------------------+-----
Dodging        | 3 4 5 6 8 |  8.0
Unarmed Combat | 4 5 6 7 9 11 13 14 15 | 15.2
Fighting       | 4 5 6 8 9 10 11 | 11.2
Invocations    | 5 |  5.6
Stealth        | |  2.1

Action                     |  1- 3 |  4- 6 |  7- 9 | 10-12 || total
---------------------------+-------+-------+-------+-------++-------
  Melee: Unarmed           |    67 |    66 |   387 |   525 ||  1045
         Dagger            |    38 |    72 |       |       ||   110
         Punch             |     1 |     5 |    21 |    52 ||    79
  Throw: Stone             |       |       |       |     1 ||     1
 Invoke: Minor Destruction |       |       |       |     1 ||     1
         Lesser Servant of |       |       |       |     1 ||     1
  Evoke: Wand              |       |       |       |     3 ||     3
    Use: Scroll            |       |       |    14 |     2 ||    16
         Potion            |       |       |     1 |       ||     1
   Stab: Sleeping          |     4 |       |       |       ||     4
         Invisible         |       |       |     2 |       ||     2
 Armour: Robe              |    12 |       |       |       ||    12
         Ring mail         |    12 |     6 |       |       ||    18
         Scale mail        |       |    27 |    95 |    25 ||   147
         Chain mail        |       |       |       |   168 ||   168
  Dodge: Dodged            |    67 |   116 |   246 |   292 ||   721

Table legend: (Time is in decaauts)
 A = Elapsed time spent in this place.
 B = Non-inter-level travel time spent in this place.
 C = Inter-level travel time spent in this place.
 D = Time resting spent in this place.
 E = Time spent auto-exploring this place.
 F = Levels seen in this place.
 G = Mean time per level.
                   A        B        C        D        E       F      G
               +--------+--------+--------+--------+--------+-----+--------+
         Total |   9614 |   9301 |    313 |    348 |   6913 |  12 |  801.2 |
       Dungeon |   9514 |   9206 |    308 |    265 |   6902 |  11 |  864.9 |
        Temple |    100 |     95 |      5 |     83 |     11 |   1 |  100.0 |
               +--------+--------+--------+--------+--------+-----+--------+

Top non-repeatable levels by time:
     D:5: 1342 daAuts
     D:6: 1240 daAuts
     D:9: 1186 daAuts
     D:4: 1002 daAuts
    D:10: 948 daAuts
     D:2: 781 daAuts
     D:8: 766 daAuts
     D:7: 639 daAuts
    D:11: 619 daAuts
     D:1: 610 daAuts
     D:3: 376 daAuts
  Temple: 100 daAuts

Table legend:
 A = Kills in this place as a percentage of kills in the entire game.
 B = Kills by you in this place as a percentage of kills by you in the entire game.
 C = Kills by friends in this place as a percentage of kills by friends in the entire game.
 D = Other kills in this place as a percentage of other kills in the entire game.
 E = Experience gained in this place as a percentage of experience gained in the entire game.
 F = Experience gained in this place divided by the number of levels of this place that you have seen.
                   A       B       C       D       E      F
               +-------+-------+-------+-------+-------+----------------------
         Total | 100.0 | 100.0 |   N/A |   N/A | 100.0 | 1746.5
       Dungeon | 100.0 | 100.0 |   N/A |   N/A | 100.0 | 1905.3
               +-------+-------+-------+-------+-------+----------------------
